AoeStats
← Barón de la Cerveza

Glade

510633444Analyzed
1v1 RM · 5h ago on Oct 1, 2026· 19m 24s· 2 players
Game mode
Random Map
Map size
Tiny (2 player)
Population
200
Speed
Normal
Resources
Standard
Victory
Conquest
Starting age
Dark Age
Ending age
Imperial Age
RankedLock teamsTeams togetherTeam positionsShared explorationLock speedFull tech treeHidden civsTurbo modeCheats
Victory
Defeat
🇲🇽 Malians · Mexico
1823
+9
🇩🇪 Lithuanians · Germany
1670
-9
Oldking
8:38 Feudal Age
9:21 Loom
11:02 Double-Bit Axe
14:56 Man-at-Arms
17:49 Castle Age
Barón de la Cerveza
12:40 Feudal Age
13:13 Loom
16:38 Castle Age
15:04 Double-Bit Axe
15:30 Horse Collar
17:42 Bow Saw
Connection lost

Rejoining the realm…

Still unreachable

The connection could not be restored.

Session expired

The server has moved on; the page needs a fresh start.